 Dungeon Crawl Stone Soup version 0.17-b1-25-g6d8775f (console) character file.

191 gw the Skirmisher (level 5, -2/49 HPs)
             Began as a Naga Fighter on Nov 6, 2015.
             Was a Follower of Trog.
             Slain by apoch's ghost (15 damage)
             ... on level 4 of the Dungeon.
             The game lasted 00:04:16 (3700 turns).

gw the Skirmisher (Naga Fighter)                    Turns: 3700, Time: 00:04:16

Health: -2/49      AC:  6    Str: 18    XL:     5   Next: 70%
Magic:  5/5        EV:  3    Int:  8    God:    Trog [*.....]
Gold:   128        SH:  9    Dex: 12    Spells: 0 memorised, 4 levels left

rFire  . . .     SeeInvis +     a - +0 mace
rCold  . . .     Clarity  .     g - +0 chain mail
rNeg   . . .     SustAt   .     c - +0 shield
rPois  +         Gourm    .     (no helmet)
rElec  .         Spirit   .     (no cloak)
rCorr  .         Warding  .     (no gloves)
rMut   .         Stasis   .     (no barding)
MR     .....                    b - amulet of rage
Stlth  ..........               (no ring)
                                (no ring)

@: exhausted, short of breath, slowed, very slow, not resistant to hostile
enchantments, extremely unstealthy
A: see invisible, deformed body, poison resistance, slowness 2, slow metabolism
1, spit poison 2, AC +1
a: Spit Poison, Berserk, Burn Spellbooks, Renounce Religion, Evoke Berserk Rage


You were on level 4 of the Dungeon.
You worshipped Trog.
Trog was aware of your devotion.
You were very hungry.

You visited 1 branch of the dungeon, and saw 4 of its levels.

You collected 128 gold pieces.

Inventory:

Hand Weapons
 a - a +0 mace (weapon)
Missiles
 f - 56 bolts
Armour
 c - a +0 shield (worn)
 g - a +0 chain mail (worn)
Jewellery
 b - an amulet of rage (around neck)
Potions
 d - a potion of might
Comestibles
 e - 3 bread rations


   Skills:
 + Level 3.6 Fighting
   Level 2.4 Long Blades
 * Level 3.0 Maces & Flails
 + Level 3.0 Armour
 + Level 3.1 Shields
   Level 1.0 Invocations


You had 4 spell levels left.
You didn't know any spells.

Dungeon Overview and Level Annotations

Branches:
Dungeon (4/15)
 Temple: D:4-7

Altars:
Nemelex Xobeh
Ru
Trog
The Shining One

Annotations:
D:4 apoch's ghost, amateur GrFi


Innate Abilities, Weirdness & Mutations

You cannot wear boots.
Your serpentine skin is tough (AC +1).
You have supernaturally acute eyesight.
Armour fits poorly on your strangely shaped body.
Your system is resistant to poisons.
You cover ground very slowly.
You have a slow metabolism.
You can spit poison.


Message History

ATTACK MOVE TO (-1,-1)
You sock apoch's ghost!
Apoch's ghost is severely damaged.
You are no longer berserk.
You are exhausted.
You feel yourself slow down.
You are feeling very hungry.
Apoch's ghost says, "They'll have to sweep you off the floor after I'm finished with you!"
Apoch's ghost hits you but does no damage.
Unknown command.
Unknown command.
Unknown command.
Unknown command.
Press: ? - help, Shift-Dir - straight line, f - apoch's ghost
Aim: apoch's ghost (severely damaged)
The splash of poison hits apoch's ghost.
Apoch's ghost appears unharmed.
Apoch's ghost is severely damaged.
You feel slightly more hungry. Apoch's ghost hits you!
You die...

##### #.# .. ....#
#.# ######.###.#.#
#.# ........#.#.#
#.#
...#.#.#.#.#######.#
.. ...#...........#
#. #..#.#.#########
#W##..#.#.######<#
#.N..............#
#####.###.########
#.....# #.###.# #.#
#.# ### ###


You could see apoch's ghost.

Table legend:
 A = Turns spent in this place as a percentage of turns spent in the entire game.
 B = Non-inter-level travel turns spent in this place as a percentage of non-inter-level travel turns spent in the entire game.
 C = Inter-level travel turns spent in this place as a percentage of turns spent in this place.
 D = Turns resting spent in this place as a percentage of non-inter-level travel turns spent in this place.
 E = Turns spent auto-exploring this place as a percentage of non-inter-level travel turns spent in this place.
 F = Non-inter-level travel turns spent in this place divided by the number of levels of this place that you've seen.
                   A       B       C       D       E      F
               +-------+-------+-------+-------+-------+----------------------
         Total | 100.0 | 100.0 |   0.5 |   0.9 |   2.1 | 1540.8
       Dungeon | 100.0 | 100.0 |   0.5 |   0.9 |   2.1 | 1540.8
               +-------+-------+-------+-------+-------+----------------------

Table legend:
 A = Kills in this place as a percentage of kills in entire the game.
 B = Kills by you in this place as a percentage of kills by you in the entire game.
 C = Kills by friends in this place as a percentage of kills by friends in the entire game.
 D = Other kills in this place as a percentage of other kills in the entire game.
 E = Experience gained in this place as a percentage of experience gained in the entire game.
 F = Experience gained in this place divided by the number of levels of this place that you have seen.
                   A       B       C       D       E      F
               +-------+-------+-------+-------+-------+----------------------
         Total | 100.0 | 100.0 |  -nan |  -nan | 100.0 |  68.2
       Dungeon | 100.0 | 100.0 |  -nan |  -nan | 100.0 |  68.2
               +-------+-------+-------+-------+-------+----------------------

Vanquished Creatures
  An orc wizard (D:3)
  9 adders
  5 giant geckos
  6 orcs
  A ball python (D:1)
  8 bats
  4 giant cockroaches
  12 goblins
  4 hobgoblins
  6 kobolds
  2 quokkas
  9 giant newts
  11 rats
78 creatures vanquished.

Notes
Turn   | Place    | Note
--------------------------------------------------------------
     0 | D:1      | gw the Naga Fighter began the quest for the Orb.
     0 | D:1      | Reached XP level 1. HP: 21/21 MP: 1/1
   182 | D:1      | Reached XP level 2. HP: 28/28 MP: 2/2
   949 | D:2      | Reached XP level 3. HP: 34/34 MP: 3/3
   968 | D:2      | Reached skill level 1 in Maces & Flails
   972 | D:2      | Found a sparkling altar of Nemelex Xobeh.
  1282 | D:2      | Found a glowing golden altar of the Shining One.
  1285 | D:2      | Became a worshipper of the Shining One
  1515 | D:2      | Found a bloodstained altar of Trog.
  1905 | D:2      | Was placed under penance by the Shining One
  1911 | D:2      | Reached XP level 4. HP: 32/42 MP: 4/4
  2474 | D:3      | Reached skill level 1 in Invocations
  2784 | D:3      | Fell from the grace of the Shining One
  2980 | D:2      | Became a worshipper of Trog the Wrathful
  3089 | D:3      | Found a sacrificial altar of Ru.
  3098 | D:3      | Reached XP level 5. HP: 49/49 MP: 5/5
  3625 | D:4      | Reached * piety under Trog
  3689 | D:4      | Noticed apoch's ghost (amateur GrFi)
  3700 | D:4      | Slain by apoch's ghost

Action                   |  1- 3 |  4- 6 || total
-------------------------+-------+-------++-------
Melee: Long sword        |    45 |       ||    45
       Club              |   109 |    19 ||   128
       Mace              |       |   164 ||   164
Invok: Berserk           |       |     1 ||     1
 Abil: Spit Poison       |     6 |     5 ||    11
  Eat: Chunk             |     2 |     6 ||     8

Vault maps used:
D:1:      elethiomel_arrival_quiet
D:2:      nemelex_xobeh_ov_fountains_minmay, overflow_temple_1_default,
          first_bread, hangedman_decor_push, supply_closet_lemuel, bloody_trog
D:3:      nicolae_ru_great_annihilating_truth
D:4:      wad_crossroads, temple_green, roderic_whirl, grunt_ministairs_11,
          nemelex_spade_bored_becter
